 Dungeon Crawl Stone Soup version 0.29.1-13-g9f3cf754e1 (webtiles) character file.

Game seed: 12632124205433222763

298 bnorton916 the Magician (level 6, -2/27 (32) HPs)
             Began as a Deep Elf Fire Elementalist on Jan 24, 2023.
             Slain by a wight
             ... wielding a +3 hand axe
              (4 damage)
             ... on level 4 of the Dungeon.
             The game lasted 00:03:59 (4791 turns).

bnorton916 the Magician (DEFE)                      Turns: 4791, Time: 00:04:00

HP:   -2/27 (32)    AC:  5    Str:  5    XL:     6   Next: 13%
MP:   16/16         EV: 13    Int: 22    God:
Gold: 168           SH:  0    Dex: 21    Spells: 10/16 levels left

rFire   + . .      SeeInvis .   (no weapon)
rCold   . . .      Faith    .   (no shield)
rNeg    . . .      Spirit   .   a - +0 robe
rPois   .          Reflect  .   v - +0 helmet
rElec   .          Harm     .   (no cloak)
rCorr   .          Rampage  .   w - +1 pair of gloves
Will    .....                   (no boots)
Stlth   ++........              (no amulet)
HPRegen 0.09/turn               p - +6 ring of dexterity
MPRegen 0.15/turn               m - ring of protection from fire

@: heavily drained
A: no striking features
a: no special abilities


You were on level 4 of the Dungeon.
You visited 1 branch of the dungeon, and saw 4 of its levels.

You collected 168 gold pieces.

Inventory:

Missiles
 t - a throwing net
Armour
 a - a +0 robe (worn)
 v - a +0 helmet (worn)
 w - a +1 pair of gloves (worn)
Jewellery
 m - a ring of protection from fire (right hand)
 p - a +6 ring of dexterity (left hand)
Scrolls
 d - 2 scrolls of teleportation {unknown}
 e - 3 scrolls of amnesia {unknown}
 h - a scroll of immolation {unknown}
 i - a scroll of blinking {unknown}
 k - a scroll of enchant armour {unknown}
 l - 5 scrolls of identify {unknown}
 o - a scroll of fog {unknown}
 q - a scroll of magic mapping {unknown}
 r - 2 scrolls of poison {unknown}
 s - 2 scrolls of summoning {unknown}
Potions
 b - 4 potions of magic
 c - 2 potions of ambrosia {unknown}
 f - a potion of degeneration {unknown}
 g - a potion of might {unknown}
 j - a potion of haste {unknown}
 n - 4 potions of curing {unknown}
 u - a potion of cancellation {unknown}
 x - a potion of lignification {unknown}


   Skills:
 - Level 2.4 Dodging
 - Level 2.4 Stealth
 + Level 5.5 Spellcasting
 + Level 4.0 Conjurations
 + Level 5.1 Fire Magic


You had 10 spell levels left.
You knew the following spells:

 Your Spells              Type           Power      Damage    Failure   Level
a - Foxfire               Conj/Fire      100%       2x1d9     1%          1
b - Scorch                Fire           56%        2d8       1%          2
c - Conjure Flame         Conj/Fire      26%        6-21      4%          3

Your spell library contained the following spells:

 Spells                   Type           Power      Damage    Failure   Level
 Static Discharge         Conj/Air       14%        3-5/arc   6%          2
 Inner Flame              Hex/Fire       17%        N/A       10%         3
 Flame Wave               Conj/Fire      26%        2d8       14%         4
 Sticky Flame             Conj/Fire      26%        2d5       14%         4
 Cause Fear               Hex            3%         N/A       67%         4
 Dispel Undead            Necr           6%         3d8       67%         4
 Dragon Form              Tmut           3%         N/A       100%        7
 Dragon's Call            Summ           3%         N/A       100%        9


Dungeon Overview and Level Annotations

Branches:
Dungeon (4/15)
 Temple: D:4-7

Altars:
Dithmenos
Nemelex Xobeh

Shops:
D:4 [


Message History

You start waiting.
Done waiting.
You see here an iguana corpse.
e - 3 scrolls labelled MAUMOPUEBU (gained 1)
A wight comes into view. It is wielding a +3 hand axe.
Casting: Foxfire (safe; 1% risk of failure)
Confirm with . or Enter, or press ? or * to list all spells.
You conjure some foxfire!
The foxfire hits the wight.
The wight is lightly damaged.
The foxfire hits the wight!
The wight is heavily damaged.
Casting: Foxfire (safe; 1% risk of failure)
Confirm with . or Enter, or press ? or * to list all spells.
Flames lash the wight.
The wight is severely damaged.
The wight's fire resistance burns away.
A wight comes into view. It is wielding a +0 falchion.
The wight misses you.
Casting: Scorch (safe; 1% risk of failure)
Confirm with . or Enter, or press ? or * to list all spells.
You miscast Scorch.
You are very lightly contaminated with residual magic.
Nothing appears to happen.
The wight hits you with a +3 hand axe!
You feel drained.
The wight is no longer more vulnerable to fire.
The wight attacks as you move away! The wight hits you with a +3 hand axe.
You feel drained.
Your magical contamination has completely faded away.
The wight attacks as you move away! The wight barely misses you.
The wight attacks as you move away! The wight hits you with a +3 hand axe.
* * * LOW HITPOINT WARNING * * *
You feel drained.
* * * LOW HITPOINT WARNING * * *
The wight attacks as you move away! The wight closely misses you.
The wight attacks as you move away! The wight hits you with a +3 hand axe.
* * * LOW HITPOINT WARNING * * *
The wight attacks as you move away! The wight barely misses you.
The wight attacks as you move away! The wight hits you with a +3 hand axe.
You die...

#..###.#..#...#
#.###.#
..#+#..........# #.#
#.# ##.
+.###......###.# ###
## #..............#
######.#...#####
#z#...###### #
#####.#...........
.##....z............
.......@.......<..
.##.###.#...###.#
.....)<........###
.. .........<.....#
. ...........###..#
#.###.##.#... .. ..
#.##.#.## ..
.....#.# ## ##.#.#


You could see 2 wights.

Vanquished Creatures
  2 hounds
  An iguana (D:4)
  6 gnolls
  5 adders
  2 worms (D:2)
  3 dart slugs
  4 orcs (D:3)
  6 endoplasms
  A giant cockroach (D:3)
  8 goblins
  8 hobgoblins
  8 jackals
  11 kobolds
  7 quokkas
  7 ball pythons
  4 bats
  6 frilled lizards
  4 rats
93 creatures vanquished.

Vanquished Creatures (collateral kills)
  9 foxfires (D:1)
9 creatures vanquished.

Vanquished Creatures (others)
  401 foxfires
  23 plants
424 creatures vanquished.

Grand Total: 526 creatures vanquished

Notes
Turn   | Place    | Note
-------+----------+-------------------------------------------
     0 | D:1      | bnorton916 the Deep Elf Fire Elementalist began the quest
                  | for the Orb.
     0 | D:1      | Reached XP level 1. HP: 10/10 MP: 6/6
    30 | D:1      | Found a faded altar of an unknown god.
   197 | D:1      | Reached XP level 2. HP: 14/15 MP: 0/8
   732 | D:1      | Reached XP level 3. HP: 19/19 MP: 7/10
  1504 | D:2      | Learned a level 2 spell: Scorch
  1508 | D:2      | Learned a level 3 spell: Conjure Flame
  2321 | D:2      | Reached XP level 4. HP: 24/24 MP: 9/12
  2760 | D:3      | Reached XP level 5. HP: 28/28 MP: 9/14
  3084 | D:3      | Found a shadowy altar of Dithmenos.
  3164 | D:3      | Reached skill level 5 in Spellcasting
  4387 | D:4      | Reached skill level 5 in Fire Magic
  4436 | D:4      | Found a sparkling altar of Nemelex Xobeh.
  4447 | D:4      | Reached XP level 6. HP: 32/32 MP: 11/16
  4558 | D:4      | Found Plog's Antique Armour Shop.
  4782 | D:4      | HP: 1/27 [wight/+3 hand axe (6)]
  4791 | D:4      | Slain by a wight

Illustrated notes

Levels and vault maps discovered:
D:1:      dpeg_arrival_pits, layout_rooms, ebering_ecumenical_altar_rust,
          serial_bayou_pond_c
D:2:      layout_loops_ring, minmay_split_cup_large
D:3:      minmay_chambers_of_threes, layout_basic,
          nicolae_dithmenos_shadow_blocks
D:4:      cheibrodos_old_hovel, layout_basic, mainiacjoe_overflow_tiny_flanked,
          serial_shops, kennysheep_little_box, nicolae_shop_hallway_stairs,
          nicolae_shop_statue_plus, nicolae_shop_behind_doors, shop

Skill      XL: |  1  2  3  4  5  6 |
---------------+-------------------+-----
Conjurations   | 2 3 4 |  4.0
Spellcasting   | 4 5 |  5.5
Fire Magic     | 4 5 |  5.1
Dodging        | |  2.4
Stealth        | |  2.4

Action                   |  1- 3 |  4- 6 || total
-------------------------+-------+-------++-------
 Cast: Foxfire           |   123 |   118 ||   241
       Scorch            |       |     3 ||     3
Armor: Robe              |    13 |       ||    13
Dodge: Dodged            |    21 |    16 ||    37
